 Dungeon Crawl Stone Soup version 0.24-a0-779-g36f0aeb843 (webtiles) character file.

Game seed: 17731994523346281072, levelgen mode: deterministic

175 Gynju the Magician (level 5, 0/28 HPs)
             Began as a Deep Elf Fire Elementalist on Oct 8, 2019.
             Slain by a hornet zombie (9 damage)
             ... on level 6 of the Dungeon.
             The game lasted 00:04:49 (3284 turns).

Gynju the Magician (Deep Elf Fire Elementalist)     Turns: 3284, Time: 00:04:50

Health: 0/28       AC:  3    Str:  5    XL:     5   Next: 29%
Magic:  7/13       EV: 14    Int: 21    God:
Gold:   112        SH:  0    Dex: 15    Spells: 7/13 levels left

rFire    . . .     SeeInvis .   g - +1 dagger (venom)
rCold    . . .     Gourm    .   (no shield)
rNeg     . . .     Faith    .   j - +1 robe {MR+}
rPois    .         Spirit   .   (no helmet)
rElec    .         Reflect  .   (no cloak)
rCorr    .         Harm     +   (no gloves)
MR       +....                  (no boots)
Stlth    ++........             o - amulet of harm
HPRegen  0.09/turn              (no ring)
MPRegen  0.13/turn              (no ring)

@: no status effects
A: no striking features
a: no special abilities


You were on level 6 of the Dungeon.
You were near starving.

You visited 1 branch of the dungeon, and saw 5 of its levels.

You collected 112 gold pieces.

Inventory:

Hand Weapons
 g - a +1 dagger of venom (weapon)
Armour
 j - a +1 robe of magic resistance (worn)
Jewellery
 a - an uncursed ring of poison resistance {unknown}
 o - an amulet of harm (around neck)
Scrolls
 b - a scroll of amnesia
 d - 6 scrolls of teleportation
 h - a scroll of blinking
Potions
 e - 2 potions of curing {@q1}
 f - a potion of cancellation
 n - a potion of haste {unknown}
Comestibles
 c - 5 rations


   Skills:
 + Level 3.9 Dodging
 - Level 2.4 Stealth
 + Level 4.5 Spellcasting
 + Level 3.0 Conjurations
 + Level 4.3 Fire Magic


You had 7 spell levels left.
You knew the following spells:

 Your Spells              Type           Power        Failure   Level  Hunger
a - Flame Tongue          Conj/Fire      ###..        2%          1    None
b - Throw Flame           Conj/Fire      ###...       3%          2    #......
c - Conjure Flame         Conj/Fire      ###.....     8%          3    ##.....

Your spell library contained the following spells:

 Spells                   Type           Power        Failure   Level  Hunger
 Inner Flame              Hex/Fire       ##......     14%         3    ##.....
 Sticky Flame             Conj/Fire      ###.....     26%         4    ####...
 Fireball                 Conj/Fire      ###.......   56%         5    ######.


Dungeon Overview and Level Annotations

Branches:
Dungeon (4/15)
 Temple: D:4-7

Altars:

Annotations:
D:4 3 runed translucent doors


Message History

The flame tongue hits the hornet zombie.
The hornet zombie is heavily damaged.
The hornet zombie hits you.
Casting: Flame Tongue (safe; 2% risk of failure)
Confirm with . or Enter, or press ? or * to list all spells.
Aiming: Flame Tongue (safe; 2% risk of failure)
Press: ? - help, Shift-Dir - straight line, f/p - hornet zombie
Aim: a hornet zombie (heavily damaged)
The flame tongue hits the hornet zombie.
The hornet zombie is severely damaged.
The hornet zombie barely misses you.
Casting: Flame Tongue (safe; 2% risk of failure)
Confirm with . or Enter, or press ? or * to list all spells.
Aiming: Flame Tongue (safe; 2% risk of failure)
Press: ? - help, Shift-Dir - straight line, f/p - hornet zombie
Aim: a hornet zombie (severely damaged)
The flame tongue hits the hornet zombie!
The hornet zombie is almost destroyed.
The hornet zombie misses you. The hornet zombie hits you!
You die...

#..#
#..#
#..#
#.. ...
#
##.##.#
#..Z..#
#.@#
#..#
#..#
#..#
#..#
#..#
$?.#
....


You could see a hornet zombie.

Vanquished Creatures
  A centaur skeleton (D:4)
  Jessica (D:2)
  A worker ant (D:4)
  A hound skeleton (D:4)
  2 adders (D:2)
  An ooze (D:3)
  A worm (D:2)
  A dart slug (D:1)
  2 leopard geckos
  9 bats
  12 giant cockroaches
  6 goblins
  4 hobgoblins
  4 kobolds
  A quokka (D:2)
  2 frilled lizards
  5 rats
54 creatures vanquished.

Notes
Turn   | Place    | Note
-------+----------+-------------------------------------------
     0 | D:1      | Gynju the Deep Elf Fire Elementalist began the quest for
                  | the Orb.
     0 | D:1      | Reached XP level 1. HP: 10/10 MP: 6/6
   304 | D:1      | Reached XP level 2. HP: 15/15 MP: 2/8
   775 | D:2      | Noticed Jessica
   979 | D:2      | Reached XP level 3. HP: 19/19 MP: 5/10
  1384 | D:2      | Killed Jessica
  1384 | D:2      | Reached XP level 4. HP: 20/24 MP: 3/11
  2956 | D:4      | Learned a level 2 spell: Throw Flame
  2967 | D:4      | Learned a level 3 spell: Conjure Flame
  3015 | D:4      | Reached XP level 5. HP: 20/28 MP: 8/13
  3275 | D:4      | Found a runed translucent gate.
  3275 | D:4      | Found a runed translucent gate.
  3275 | D:4      | Found a runed translucent gate.
  3277 | D:4      | You fall into a shaft and drop 2 floors!
  3284 | D:6      | Slain by a hornet zombie

Levels and vault maps discovered:
D:1:      minmay_arrival_four_houses, layout_loops_ring, kennysheep_another_room
D:2:      layout_loops_ring, nrook_mini_vaults, small_statue_intersection,
          uniq_jessica
D:3:      minmay_roachtagon, layout_loops_corners
D:4:      layout_rooms, first_ration, biasface_ghost_orc_armoury, minmay_puff
D:6:      layout_basic, kennysheep_mini

Skill      XL: |  1  2  3  4  5 |
---------------+----------------+-----
Dodging        | 3 |  3.9
Conjurations   | 2 3 |  3.0
Spellcasting   | 4 |  4.5
Fire Magic     | 4 |  4.3
Stealth        | |  2.4

Action                   |  1- 3 |  4- 6 || total
-------------------------+-------+-------++-------
Melee: Unarmed           |     3 |       ||     3
       Dagger            |       |     5 ||     5
 Cast: Flame Tongue      |    47 |    65 ||   112
  Use: Scroll            |       |     8 ||     8
  Eat: Chunk             |     1 |     4 ||     5
Armor: Robe              |     8 |     9 ||    17
Dodge: Dodged            |    26 |    35 ||    61

Table legend:
 A = Non-vault XP
 B = Vault XP
 C = Vault XP percentage of total XP
 D = Non-vault monster count
 E = Vault monster count
 F = Vault count percentage of total count
                 A         B        C        D         E       F
            +---------+---------+-------+---------+---------+-------
      Total |     198 |      53 |  21.1 |      45 |       9 |  16.7
            +---------+---------+-------+---------+---------+-------
        D:1 |      21 |       0 |   0.0 |      10 |       0 |   0.0
        D:2 |      60 |      37 |  38.1 |      21 |       1 |   4.5
        D:3 |      23 |      16 |  41.0 |      11 |       8 |  42.1
        D:4 |      94 |       0 |   0.0 |       3 |       0 |   0.0
            +---------+---------+-------+---------+---------+-------
